 Dungeon Crawl Stone Soup version 0.28.0 (webtiles) character file.

Game seed: 1966542253495877220

5541 Colgate the Destroyer (level 10, -10/63 HPs)
             Began as a Demonspawn Conjurer on Feb 16, 2022.
             Was an Initiate of Gozag.
             Mangled by a boulder beetle (14 damage)
             ... on level 10 of the Dungeon on Feb 17, 2022.
             The game lasted 01:14:19 (16341 turns).

Colgate the Destroyer (Demonspawn Conjurer)        Turns: 16341, Time: 01:14:22

Health: -10/63     AC: 18    Str:  7    XL:     10   Next: 43%
Magic:  0/16       EV: 10    Int: 41    God:    Gozag
Gold:   832        SH:  0    Dex: 13    Spells: 0/17 levels left

rFire   x . .      SeeInvis .   M - +2 mace of Defilement {freeze, Drain Int+6}
rCold   . . .      Faith    .   s - orb {light}
rNeg    + . .      Spirit   .   q - +2 ring mail "Mebrio" {Harm rElec rF- Int+6}
rPois   +          Reflect  .   (no helmet)
rElec   +          Harm     +   v - +2 cloak
rCorr   .          Rampage  .   f - +2 pair of gloves
Will    .....                   r - +2 pair of boots
Stlth   +.........              (no amulet)
HPRegen 0.20/turn               j - ring of positive energy
MPRegen 0.15/turn               (no ring)

@: glowing
A: ignite blood 1, big brain 2, demonic magic 3, weakness stinger 1, agile 1,
poison resistance, noise suppression
a: Renounce Religion, Potion Petition, Call Merchant, Bribe Branch


You were on level 10 of the Dungeon.
You worshipped Gozag.
Gozag was pleased with you.
You visited 1 branch of the dungeon, and saw 10 of its levels.

You collected 1458 gold pieces.
You spent 609 gold pieces at shops.
You paid 17 gold pieces to Gozag.

Inventory:

Hand Weapons
 a - a +3 dagger of venom
 b - a +3 morningstar
 M - the +2 mace of Defilement (weapon) {freeze, Drain Int+6}
   (You bought it in a shop on level 8 of the Dungeon)

   It freezes those it strikes, dealing additional cold damage.
   It can also slow down cold-blooded creatures.
   Int:       It affects your intelligence (+6).
   Drain:     It drains your maximum health when unequipped.
Missiles
 c - 21 poisoned darts
 d - 334 stones
 N - a curare-tipped dart
Armour
 f - a +2 pair of gloves (worn)
 q - the +2 ring mail "Mebrio" (worn) {Harm rElec rF- Int+6}
   (You found it on level 2 of the Dungeon)

   Int:       It affects your intelligence (+6).
   rF:        It makes you vulnerable to fire.
   rElec:     It insulates you from electricity.
   Harm:      It increases damage dealt and taken.
 r - a +2 pair of boots (worn)
 s - an orb of light (worn)
 v - a +2 cloak (worn)
 y - a +1 robe
 L - a scarf of resistance
Jewellery
 j - a ring of positive energy (left hand)
 K - a ring of resist corrosion
Wands
 w - a wand of digging (7)
 I - a wand of iceblast (3)
 J - a wand of flame (20)
Scrolls
 e - 2 scrolls of amnesia
 g - a scroll of noise
 i - a scroll of acquirement {unknown}
 k - 3 scrolls of blinking
 p - a scroll of summoning
 t - a scroll of holy word {unknown}
 u - 2 scrolls of immolation
 x - 3 scrolls of teleportation
 D - a scroll of magic mapping
 G - a scroll of brand weapon {unknown}
 H - a scroll of enchant weapon
Potions
 h - 4 potions of mutation
 l - a potion of invisibility
 m - 7 potions of curing
 n - a potion of attraction
 o - a potion of heal wounds
 z - 2 potions of cancellation
 A - a potion of magic
 B - a potion of resistance
 C - 2 potions of ambrosia
 E - a potion of lignification
 F - a potion of flight


   Skills:
 - Level 8.0 Armour
 - Level 1.7 Dodging
 - Level 2.2 Stealth
 - Level 4.1 Spellcasting
 + Level 9.2 Conjurations
 - Level 9.0 Hexes


You couldn't memorise any spells.
You knew the following spells:

 Your Spells              Type           Power      Damage    Failure   Level
a - Magic Dart            Conj           100%       1d8       1%          1
b - Searing Ray           Conj           100%       2d8       1%          2
c - Fulminant Prism       Conj/Hex       35%        3d18      1%          4
d - Stone Arrow           Conj/Erth      92%        3d12      3%          3
e - Iskenderun's Mystic   Conj/Tloc      46%        2d10      12%         4
f - Mephitic Cloud        Conj/Pois/Air  33%        N/A       7%          3

Your spell library contained the following spells:

 Spells                   Type           Power      Damage    Failure   Level
 Ensorcelled Hibernation  Hex/Ice        90%        N/A       1%          2
 Dazzling Flash           Conj/Hex       100%       N/A       1%          3
 Sandblast                Erth           18%        2d7       9%          1
 Blink                    Tloc           16%        N/A       13%         2
 Call Imp                 Summ           8%         N/A       13%         2
 Passwall                 Tmut/Erth      6%         N/A       13%         2
 Anguish                  Hex/Necr       22%        N/A       13%         4
 Spider Form              Tmut/Pois      8%         N/A       26%         3
 Manifold Assault         Tloc           8%         N/A       93%         5
 Malign Gateway           Summ/Tloc      4%         N/A       100%        7
 Storm Form               Tmut/Air       4%         N/A       100%        7
 Summon Horrible Things   Summ           4%         N/A       100%        8


Dungeon Overview and Level Annotations

Branches:
Dungeon (10/15)            Temple (0/1) D:7
   Lair: D:8-11         Orc: D:9-12

Altars:
Fedhas
Gozag
Hepliaklqana
Kikubaaqudgha
Okawaru
Qazlal
Trog
Vehumet
Wu Jian
Xom
Yredelemnul

Shops:
D:8 *


Innate Abilities, Weirdness & Mutations

Your demonic aura sometimes causes spilled blood to erupt in flames.
You have an extremely huge brain. (Int +4)
Spells you cast and wands you use may paralyse nearby enemies.
You have a small tail.
You are agile. (Dex +2)
Your system is resistant to poisons. (rPois)
You passively dampen the noise of your surroundings.


Message History

Aiming: Mephitic Cloud (dangerous; 7% risk of failure)
Press: ? - help, Shift-Dir - straight line The ball explodes into a vile cloud!
The stinking cloud engulfs you but does no damage.
The stinking cloud engulfs the boulder beetle but does no damage.
Malevolent energies surge around you.
The boulder beetle is engulfed in noxious fumes.
The boulder beetle bites you!
The boulder beetle is engulfed in noxious fumes.
The boulder beetle curls into a ball and begins rolling!
The boulder beetle is engulfed in noxious fumes.
The boulder beetle appears confused.
The stone arrow hits the boulder beetle.
The boulder beetle is lightly wounded.
Malevolent energies surge around you.
The boulder beetle seems less confused.
The boulder beetle hits you!!
The boulder beetle stops rolling and uncurls.
Your magical contamination has completely faded away.
Casting: Stone Arrow (dangerous; 3% risk of failure)
Confirm with . or Enter, or press ? or * to list all spells.
Aiming: Mephitic Cloud (dangerous; 7% risk of failure)
Press: ? - help, Shift-Dir - straight line, f/p - boulder beetle
Aim: a boulder beetle (lightly wounded, haloed, chance to affect: 43%)
Okay, then.
Casting: Mephitic Cloud (dangerous; 7% risk of failure)
Confirm with . or Enter, or press ? or * to list all spells.
You erupt in a blast of force!
The mystic blast hits the boulder beetle but does no damage.
The boulder beetle is lightly wounded.
Malevolent energies surge around you. The boulder beetle bites you!!
* * * LOW HITPOINT WARNING * * *
Casting: Iskenderun's Mystic Blast (dangerous; 12% risk of failure)
Confirm with . or Enter, or press ? or * to list all spells.
You erupt in a blast of force!
The mystic blast hits the boulder beetle!
The boulder beetle is lightly wounded.
Malevolent energies surge around you. The boulder beetle bites you!
You die...
Your body crumbles into a pile of gold.

o.##PP_P ..# #. #)#..PP
... .. #.$... #.# ..#
##.#.. #.# #..###..#.#
#.# #...<...#.###### #<#
...............# #.#
##......##.###.########.#
##.....##.....B@.......#
#..#####..##.##########
...#.# #..#...
#.##.#####..#... #.
#........#...# #
#######.###.## #.# #.#
..# #. ###


You could see a boulder beetle.

Vanquished Creatures
  A two-headed ogre (D:9)
  Pikel (D:3)
  Joseph (D:7)
  Prince Ribbit (D:7)
  A shadow (D:9)
  Sigmund (D:2)
  3 yaks
  A water moccasin (D:8)
  A hornet zombie (D:8)
  2 orc warriors
  An ice beast (D:5)
  A necrophage (D:6)
  An ogre (D:5)
  3 centaurs
  A phantom (D:5)
  A gnoll sergeant (D:9)
  2 kobold brigands (D:9)
  2 bullfrogs
  5 scorpions
  A wyvern zombie (D:5)
  8 wights
  A howler monkey (D:8)
  2 bullfrog zombies
  3 centaur zombies
  A jelly (D:5)
  2 hounds
  4 orc priests
  Crazy Yiuf (D:4)
  3 iguanas (D:7)
  7 orc wizards
  8 gnolls
  3 adders
  2 shadow imps (D:6)
  2 white imps
  3 dart slugs
  37 orcs
  5 ball pythons
  5 endoplasms
  6 giant cockroaches
  10 goblins
  7 hobgoblins
  7 jackals
  7 quokkas
  A bat (D:2)
  6 frilled lizards
  13 kobolds
  4 rats
  A spectral orc (D:4)
190 creatures vanquished.

Vanquished Creatures (others)
  99 fulminant prisms
99 creatures vanquished.

Grand Total: 289 creatures vanquished

Notes
Turn   | Place    | Note
-------+----------+-------------------------------------------
     0 | D:1      | Colgate the Demonspawn Conjurer began the quest for the
                  | Orb.
     0 | D:1      | Reached XP level 1. HP: 13/13 MP: 3/3
   686 | D:1      | Gained mutation: Spells you cast may paralyse adjacent
                  | enemies. [demonic ancestry]
   686 | D:1      | Reached XP level 2. HP: 18/19 MP: 0/5
   689 | D:1      | Learned a level 2 spell: Searing Ray
  1644 | D:2      | Reached skill level 5 in Conjurations
  1696 | D:2      | Gained mutation: Spells you cast may paralyse nearby
                  | enemies. [demonic ancestry]
  1696 | D:2      | Reached XP level 3. HP: 22/24 MP: 3/6
  1914 | D:2      | Found an opulent altar of Gozag.
  1915 | D:2      | Noticed Sigmund
  2144 | D:2      | Became a worshipper of Gozag Ym Sagoz the Greedy
  2491 | D:2      | Identified the +2 ring mail "Mebrio" {Harm rElec rF- Int+6}
  3273 | D:3      | Reached XP level 4. HP: 30/30 MP: 4/7
  3528 | D:3      | Found a hazy altar of Hepliaklqana.
  4515 | D:4      | Noticed a scorpion
  4519 | D:4      | Killed a scorpion
  4520 | D:4      | Gained mutation: Your demonic aura sometimes causes spilled
                  | blood to erupt in flames. [demonic ancestry]
  4520 | D:4      | Reached XP level 5. HP: 35/35 MP: 2/8
  4520 | D:4      | Noticed Pikel
  4575 | D:3      | Learned a level 4 spell: Fulminant Prism
  4576 | D:4      | Noticed a lemure
  4576 | D:4      | Noticed a lemure
  4590 | D:3      | Gained mutation: Your system is resistant to poisons.
                  | (rPois) [potion of mutation]
  4590 | D:3      | Gained mutation: You passively dampen the noise of your
                  | surroundings. [potion of mutation]
  4590 | D:3      | Gained mutation: You are agile. (Dex +2) [potion of
                  | mutation]
  4605 | D:3      | Killed Pikel
  4606 | D:3      | Reached skill level 5 in Hexes
  4606 | D:3      | Gained mutation: Spells you cast and wands you use may
                  | paralyse nearby enemies. [demonic ancestry]
  4606 | D:3      | Reached XP level 6. HP: 8/41 MP: 0/9
  4606 | D:3      | Reached XP level 7. HP: 9/46 MP: 0/10
  4944 | D:2      | Found an opulent altar of Gozag.
  5574 | D:2      | Killed Sigmund
  6594 | D:4      | Found a shimmering altar of Xom.
  6594 | D:4      | Found a shimmering altar of Xom.
  6603 | D:4      | Found a shimmering altar of Xom.
  6638 | D:4      | Found an ancient bone altar of Kikubaaqudgha.
  6870 | D:4      | You fall into a shaft and drop 2 floors!
  6915 | D:6      | Gained mutation: You have an unusually large brain. (Int
                  | +2) [demonic ancestry]
  6915 | D:6      | Reached XP level 8. HP: 42/52 MP: 3/12
  7033 | D:5      | Entered Level 5 of the Dungeon
  7110 | D:5      | Found an iron altar of Okawaru.
  7352 | D:4      | Found a runed translucent door.
  7353 | D:4      | Noticed Crazy Yiuf
  7370 | D:4      | Killed Crazy Yiuf
  7590 | D:4      | Found an ornate altar of the Wu Jian Council.
  7644 | D:4      | Found a basalt altar of Yredelemnul.
  8669 | D:5      | Learned a level 3 spell: Stone Arrow
  9546 | D:6      | Gained mutation: You have an extremely huge brain. (Int +4)
                  | [demonic ancestry]
  9546 | D:6      | Reached XP level 9. HP: 57/57 MP: 8/13
 11168 | D:7      | Found a stormy altar of Qazlal.
 11204 | D:7      | Noticed Prince Ribbit
 11208 | D:7      | Killed Prince Ribbit
 11271 | D:7      | Reached skill level 1 in Armour
 11853 | D:7      | Noticed Joseph
 12104 | D:7      | Killed Joseph
 12589 | D:7      | Found a staircase to the Ecumenical Temple.
 12688 | D:7      | Found a radiant altar of Vehumet.
 13638 | D:8      | Reached skill level 5 in Armour
 14077 | D:8      | Found Ruyl's Assorted Antiques.
 14096 | D:8      | Bought a blackened garnet ring for 145 gold pieces
 14096 | D:8      | Bought an embroidered scarf for 232 gold pieces
 14096 | D:8      | Bought a faintly glowing mace for 232 gold pieces
 14096 | D:8      | Identified the +2 mace of Defilement {freeze, Drain Int+6}
                  | (You bought it in a shop on level 8 of the Dungeon)
 14532 | D:9      | Learned a level 4 spell: Iskenderun's Mystic Blast
 14561 | D:9      | Gained mutation: You have a small tail. [demonic ancestry]
 14561 | D:9      | Reached XP level 10. HP: 63/63 MP: 5/16
 15373 | D:9      | Noticed a two-headed ogre
 15394 | D:9      | Killed a two-headed ogre
 15715 | D:9      | Found a bloodstained altar of Trog.
 16126 | D:9      | Learned a level 3 spell: Mephitic Cloud
 16138 | D:10     | Entered Level 10 of the Dungeon
 16143 | D:10     | Found a blossoming altar of Fedhas.
 16197 | D:10     | Noticed a boulder beetle
 16341 | D:10     | Mangled by a boulder beetle

Illustrated notes

Levels and vault maps discovered:
D:1:      saegor_arrival_under_anarchy, layout_basic, minmay_indecisive_spiral
D:2:      layout_basic, basic_altar, uniq_sigmund
D:3:      layout_basic, lemuel_coloured_pillars_altar
D:4:      layout_rooms, yredelemnul_forgotten_temple_becter, xom_redecorated,
          mainiacjoe_overflow_small_starburst,
          nicolae_wu_jian_immortal_techniques, uniq_pikel,
          uniq_crazy_yiuf_cottage
D:5:      layout_loops_cross, okawaru_trees_2
D:6:      layout_gridville
D:7:      layout_basic, nicolae_vehumet_altar_sigil,
          nicolae_qazlal_general_emergency, temple_green, uniq_prince_ribbit1,
          uniq_joseph
D:8:      layout_rooms, serial_shops, nicolae_shop_waterfront, amethyst_killhole
D:9:      layout_basic, lemuel_tele_altar
D:10:     layout_loops_ring, fedhas_bush_and_centaur_altar,
          nicolae_overflow_hidden_temple

Skill      XL: |  1  2  3  4  5  6  7  8  9 10 |
---------------+-------------------------------+-----
Conjurations   | 5 6 7 9 |  9.2
Hexes          | 5 6 8 9 |  9.0
Spellcasting   | 3 4 |  4.1
Armour         | 5 8 |  8.0
Stealth        | 2 |  2.2
Dodging        | |  1.7

Action                   |  1- 3 |  4- 6 |  7- 9 | 10-12 || total
-------------------------+-------+-------+-------+-------++-------
Melee: Unarmed           |    15 |       |       |       ||    15
       Dagger            |     4 |     7 |     1 |       ||    12
       Whip              |       |     5 |    10 |       ||    15
 Cast: Magic Dart        |    57 |    11 |    11 |       ||    79
       Searing Ray       |    20 |     9 |    13 |     1 ||    43
       Fulminant Prism   |       |       |    76 |    23 ||    99
       Stone Arrow       |       |       |    15 |    12 ||    27
       Iskenderun's Myst |       |       |       |     3 ||     3
       Mephitic Cloud    |       |       |       |     1 ||     1
  Use: Potion            |       |     5 |       |       ||     5
       Scroll            |       |     2 |    17 |     1 ||    20
 Stab: Paralysed         |     3 |     5 |     1 |       ||     9
       Sleeping          |     1 |       |       |       ||     1
Armor: Robe              |     9 |     9 |    15 |       ||    33
       Ring mail         |       |       |     2 |     2 ||     4
Dodge: Dodged            |    24 |     9 |    30 |       ||    63
